 Dungeon Crawl Stone Soup version 0.29.1-1-gd02db6906a (webtiles) character file.

Game seed: 3728973279951742788

112 AarnesTheHuman the Chopper (level 4, 0/39 HPs)
             Began as a Hill Orc Monk on Oct 4, 2022.
             Slain by a gnoll
             ... wielding a +0 club
              (2 damage)
             ... on level 3 of the Dungeon.
             The game lasted 00:04:23 (3071 turns).

AarnesTheHuman the Chopper (Hill Orc Monk)          Turns: 3071, Time: 00:04:23

Health: 0/39       AC:  5    Str: 14 (15) XL:     4   Next: 93%
Magic:  4/4        EV: 11    Int:  9 (10) God:
Gold:   58         SH:  0    Dex: 12 (13) Spells: 3/3 levels left

rFire   . . .      SeeInvis +   a - +0 hand axe
rCold   . . .      Faith    .   (no shield)
rNeg    . . .      Spirit   .   i - +0 ring mail
rPois   .          Reflect  .   (no helmet)
rElec   .          Harm     +   k - scarf {harm}
rCorr   .          Rampage  .   (no gloves)
Will    .....                   (no boots)
Stlth   +.........              (no amulet)
HPRegen 0.13/turn               e - ring of see invisible
MPRegen 0.09/turn               (no ring)

@: brilliant
A: no striking features
a: no special abilities


You were on level 3 of the Dungeon.
You visited 1 branch of the dungeon, and saw 3 of its levels.

You collected 58 gold pieces.

Inventory:

Hand Weapons
 a - a +0 hand axe (weapon)
Missiles
 c - 6 poisoned darts
 f - 22 stones (quivered)
Armour
 b - a +0 robe
 i - a +0 ring mail (worn)
 k - a scarf of harm (worn)
Jewellery
 e - a ring of see invisible (left hand)
Wands
 h - a wand of roots (6)
Scrolls
 j - a scroll of teleportation
Potions
 d - a potion of degeneration


   Skills:
 - Level 3.6 Fighting
 + Level 7.2 Axes
 - Level 2.4 Dodging
 - Level 1.5 Stealth


You had 3 spell levels left.
You didn't know any spells.
Your spell library contained the following spells:

 Spells                   Type           Power      Damage    Failure   Level
 Slow                     Hex            0%         N/A       63%         1
 Confusing Touch          Hex            0%         N/A       94%         3
 Ignite Poison            Fire/Tmut/Pois 0%         N/A       94%         3
 Mephitic Cloud           Conj/Pois/Air  0%         N/A       94%         3
 Vampiric Draining        Necr           0%         2d6       94%         3
 Passage of Golubria      Tloc           0%         N/A       100%        4
 Freezing Cloud           Conj/Ice/Air   0%         6-21      100%        5
 Silence                  Hex/Air        0%         N/A       100%        5
 Lehudib's Crystal Spear  Conj/Erth      0%         10d2      100%        8


Dungeon Overview and Level Annotations

Branches:
Dungeon (3/15)

Altars:

Annotations:
D:2 Terence


Message History

3 gnolls come into view.
The gnoll shouts!
You hear a shout!
The gnoll throws a stone.
The stone misses you. The gnoll hits you with a +0 flail!
The gnoll drinks a potion.
The gnoll seems to speed up.
You hit the gnoll.
The gnoll is heavily wounded.
The gnoll hits you with a +0 flail!
You hit the gnoll.
You kill the gnoll!
You feel your intelligence returning.
You barely miss the gnoll. The gnoll hits you but does no damage.
The gnoll closely misses you.
You barely miss the gnoll. You hit the gnoll.
The gnoll is heavily wounded.
You hit the gnoll.
The gnoll is heavily wounded.
The gnoll hits you with a +0 club.
You hit the gnoll but do no damage.
The gnoll is heavily wounded.
The gnoll closely misses you.
You hit the gnoll but do no damage.
The gnoll is heavily wounded.
The gnoll hits you with a +0 club.
You hit the gnoll but do no damage.
The gnoll is heavily wounded.
The gnoll barely misses you.
You barely miss the gnoll.
The gnoll is heavily wounded.
The gnoll hits you with a +0 club.
* * * LOW HITPOINT WARNING * * *
You hit the gnoll.
The gnoll is severely wounded.
The gnoll hits you with a +0 club!
* * * LOW HITPOINT WARNING * * *
It was a potion of brilliance.
You feel clever all of a sudden. The gnoll hits you with a +0 club.
You die...

#.# #.# #.# #.#
#.# #g# # #g#
#.#########@#
#...........#
#.......###.#..
#.#
#.###.#........
##.##
#........###
#...#
##)#.#####
..... ###.#.#
... #.....#####
#†# #.#.#.....#


You could see 2 gnolls.

Vanquished Creatures
  An iguana (D:2)
  2 adders
  A gnoll (D:3)
  A dart slug (D:1)
  5 ball pythons
  2 endoplasms (D:1)
  4 giant cockroaches
  5 goblins
  5 hobgoblins
  5 jackals
  5 kobolds
  3 quokkas
  3 bats (D:1)
  4 frilled lizards
  3 rats
49 creatures vanquished.

Vanquished Creatures (collateral kills)
  2 jackals (D:3)
2 creatures vanquished.

Vanquished Creatures (others)
  4 toadstools (D:1)
4 creatures vanquished.

Grand Total: 55 creatures vanquished

Notes
Turn   | Place    | Note
-------+----------+-------------------------------------------
     0 | D:1      | AarnesTheHuman the Hill Orc Monk began the quest for the
                  | Orb.
     0 | D:1      | Reached XP level 1. HP: 19/19 MP: 1/1
   392 | D:1      | Reached XP level 2. HP: 13/26 MP: 2/2
   709 | D:1      | Reached skill level 5 in Axes
  1170 | D:1      | Reached XP level 3. HP: 31/31 MP: 3/3
  1593 | D:2      | Reached skill level 6 in Axes
  1700 | D:2      | Found a faded altar of an unknown god.
  1912 | D:2      | Noticed Terence
  2262 | D:2      | Reached XP level 4. HP: 4/39 MP: 4/4
  2780 | D:3      | Reached skill level 7 in Axes
  3071 | D:3      | Slain by a gnoll

Illustrated notes

Levels and vault maps discovered:
D:1:      ldierk_water_garden, layout_basic
D:2:      layout_rooms, nicolae_ecumenical_snake_handling, uniq_sigmund,
          uniq_terence
D:3:      layout_loops_ring, minivault_5

Skill      XL: |  1  2  3  4 |
---------------+-------------+-----
Axes           | 5 6 7 |  7.2
Fighting       | |  3.6
Dodging        | |  2.4
Stealth        | |  1.5

Action                   |  1- 3 |  4- 6 || total
-------------------------+-------+-------++-------
Melee: Hand axe          |   149 |    46 ||   195
Throw: Stone             |     3 |       ||     3
  Use: Potion            |     3 |     1 ||     4
       Scroll            |       |     3 ||     3
 Stab: Sleeping          |     4 |     1 ||     5
Armor: Robe              |    21 |       ||    21
       Ring mail         |       |    18 ||    18
Dodge: Dodged            |   111 |    21 ||   132
